AoeStats
← K

Arena

509673694Analyzed
4v4 RM · 6d ago on Sep 27, 2026· 44m 9s· 8 players
Game mode
Random Map
Map size
Large (8 player)
Population
200
Speed
Normal
Resources
Standard
Victory
Conquest
Starting age
Dark Age
Ending age
Imperial Age
RankedLock teamsTeams togetherTeam positionsShared explorationLock speedFull tech treeHidden civsTurbo modeCheats
Victory
Defeat
🇭🇰 Burgundians · Hong Kong SAR China
1123
+14
🇬🇧 Dravidians · United Kingdom
1110
+14
🇹🇼 Mongols · Taiwan
1088
+15
🇹🇼 Poles · Taiwan
1057
+16
🇬🇧 Bulgarians · United Kingdom
1096
-15
🇨🇦 Khmer · Canada
1088
-16
🇬🇧 Teutons · United Kingdom
1055
-14
🇩🇪 Danes · Germany
1048
-14
Ralphiii
10:50 Feudal Age
10:17 Loom
15:03 Castle Age
13:14 Double-Bit Axe
13:13 Horse Collar
15:35 Arson
15:43 Fletching
20:08 Scale Mail Armor
20:38 Gambesons
21:02 Squires
28:27 Chain Mail Armor
31:31 Heavy Plow
32:45 Wheelbarrow
33:54 Bow Saw
34:20 Hand Cart
36:58 Gold Mining
37:07 Stone Mining
40:47 Imperial Age
38:08 Town Watch
39:13 Forging
39:00 Bodkin Arrow
40:44 Hamask
41:29 Padded Archer Armor
41:31 Elite Skirmisher
42:15 Bracer
43:21 Leather Archer Armor
42:35 Onager
Jahax
11:52 Feudal Age
12:11 Loom
14:38 Castle Age
12:45 Double-Bit Axe
12:42 Horse Collar
15:15 Gold Mining
20:25 Bow Saw
23:49 Heavy Plow
29:23 Wheelbarrow
29:46 Gold Shaft Mining
30:10 Stone Mining
30:57 Hand Cart
35:58 Imperial Age
33:42 Scale Mail Armor
33:52 Forging
34:45 Chain Mail Armor
34:53 Masonry
34:39 Murder Holes
35:05 Ballistics
34:55 Fortified Wall
35:51 Stone Shaft Mining
36:32 Iron Casting
35:48 Fletching
35:58 Padded Archer Armor
37:35 Crop Rotation
38:07 Blast Furnace
37:03 Bodkin Arrow
36:56 Pikeman
38:08 Leather Archer Armor
37:46 Arson
38:34 Conscription
37:51 Halberdier
39:44 Ring Archer Armor
39:14 Bracer
41:11 Architecture
40:46 Siege Engineers
41:42 Chemistry
40:53 Elite Skirmisher
[̲̅G̲̅U̲̅Y̲̅]
2:18 Loom
12:36 Feudal Age
16:27 Castle Age
14:20 Horse Collar
14:52 Double-Bit Axe
17:48 Wheelbarrow
19:51 Hand Cart
26:01 Town Watch
26:19 Heavy Plow
26:32 Bow Saw
26:26 Gold Mining
27:18 Stone Mining
27:40 Town Patrol
28:22 Gold Shaft Mining
28:38 Stone Shaft Mining
27:56 Fletching
28:35 Bodkin Arrow
28:51 Forging
28:42 Scale Mail Armor
28:47 Scale Barding Armor
28:42 Padded Archer Armor
31:52 Leather Archer Armor
31:52 Chain Mail Armor
32:13 Iron Casting
31:59 Chain Barding Armor
34:47 Imperial Age
32:15 Stirrups
33:05 Ballistics
32:40 Murder Holes
32:55 Masonry
32:39 Elite Skirmisher
33:24 Thumb Ring
33:41 Thumb Ring
33:27 Pikeman
34:07 Squires
33:52 Gambesons
33:53 Arson
35:53 Halberdier
37:37 Blast Furnace
37:07 Plate Mail Armor
36:38 Bracer
37:47 Crop Rotation
40:47 Heavy Cavalry Archer
41:52 Parthian Tactics
43:26 Conscription
42:55 Capped Ram
Mel McAll
10:59 Feudal Age
16:48 Castle Age
15:29 Double-Bit Axe
15:41 Gold Mining
15:34 Horse Collar
17:05 Stone Mining
17:32 Forging
19:22 Bow Saw
21:06 Bloodlines
23:16 Wheelbarrow
24:38 Fortified Wall
24:49 Ballistics
24:50 Fletching
26:41 Scale Mail Armor
27:00 Heavy Plow
27:21 Padded Archer Armor
28:36 Leather Archer Armor
29:26 Bodkin Arrow
29:08 Elite Skirmisher
36:50 Imperial Age
34:59 Ironclad
35:14 Pikeman
35:55 Squires
35:40 Gambesons
38:36 Chemistry
38:59 Hoardings
39:46 Loom
jameskobecp6
10:30 Feudal Age
11:10 Double-Bit Axe
11:06 Horse Collar
18:13 Castle Age
19:14 Bow Saw
19:05 Heavy Plow
24:48 Stone Mining
24:49 Gold Mining
27:43 Gold Shaft Mining
28:18 Scale Barding Armor
28:23 Forging
31:30 Chain Barding Armor
31:46 Iron Casting
34:21 Imperial Age
32:42 Fletching
33:26 Padded Archer Armor
34:09 Bodkin Arrow
34:16 Padded Archer Armor
34:43 Ballistics
35:23 Conscription
35:15 Bracer
35:14 Heavy Camel Rider
37:03 Blast Furnace
36:19 Leather Archer Armor
37:05 Bloodlines
37:04 Elite Mangudai
39:14 Husbandry
39:43 Caravan
40:43 Nomads
42:41 Hoardings
42:09 Light Cavalry
Kingssiu
0:26 Loom
11:40 Feudal Age
15:18 Castle Age
13:24 Horse Collar
14:12 Heavy Plow
14:58 Double-Bit Axe
37:46 Imperial Age
35:22 Gold Mining
37:36 Bow Saw
37:35 Scale Barding Armor
37:40 Forging
38:06 Town Watch
37:58 Cavalier
38:39 Husbandry
39:27 Paladin
40:30 Chain Barding Armor
40:45 Iron Casting
42:43 Plate Barding Armor
43:42 Chemistry
43:24 Crop Rotation
43:35 Gold Shaft Mining
45:09 Blast Furnace
secret_marker
10:49 Feudal Age
12:14 Wheelbarrow
11:25 Double-Bit Axe
15:41 Castle Age
15:03 Horse Collar
19:54 Bow Saw
29:09 Imperial Age
26:41 Gold Mining
26:46 Stone Mining
27:36 Scale Barding Armor
27:57 Hand Cart
27:54 Heavy Plow
28:51 Stone Shaft Mining
28:40 Chain Barding Armor
28:31 Forging
30:29 Iron Casting
30:05 Szlachta Privileges
30:20 Conscription
29:24 Cavalier
30:05 Husbandry
30:15 Bloodlines
30:55 Lechitic Legacy
30:31 Loom
31:33 Crop Rotation
33:17 Blast Furnace
33:55 Light Cavalry
35:07 Fletching
35:39 Ballistics
35:16 Murder Holes
35:32 Masonry
35:36 Fortified Wall
37:06 Bodkin Arrow
39:02 Winged Hussar
43:28 Bracer
44:35 Chemistry
K
10:13 Feudal Age
14:42 Castle Age
12:59 Double-Bit Axe
17:07 Bow Saw
16:49 Gold Mining
17:48 Horse Collar
20:04 Stone Mining
24:05 Heavy Plow
27:02 Wheelbarrow
26:14 Loom
26:14 Town Watch
29:25 Imperial Age
26:50 Fletching
27:00 Padded Archer Armor
27:23 Ballistics
28:15 Thumb Ring
28:23 Bodkin Arrow
30:22 Leather Archer Armor
30:43 Elite Elephant Archer
32:14 Squires
33:15 Pikeman
33:40 Gambesons
34:22 Hand Cart
34:09 Town Patrol
34:36 Halberdier
35:03 Arson
35:41 Conscription
35:31 Onager
37:24 Chemistry
37:30 Medical Corps
38:05 Bracer
38:36 Ring Archer Armor
38:36 Wootz Steel
40:59 Forging
40:50 Scale Mail Armor
Connection lost

Rejoining the realm…

Still unreachable

The connection could not be restored.

Session expired

The server has moved on; the page needs a fresh start.